[Event "Julius Baer Generation Cup Prelims 2022"]
[Site "Online"]
[Date "2022.09.14"]
[Round "9.6"]
[White "Adhiban, B.."]
[Black "Praggnanandhaa R"]
[Result "1/2-1/2"]
[ECO "A13"]
[WhiteElo "2603"]
[BlackElo "2676"]
[Annotator "TA"]
[PlyCount "85"]
[EventDate "2022.09.12"]
[EventType "tourn"]
[EventCountry "NET"]
[SourceTitle "playchess.com"]
[Source "ChessBase"]
[SourceQuality "1"]
[TimeControl "900+10"]

1. c4 c5 2. b3 Nf6 3. Bb2 e6 4. Nf3 d5 5. g3 Nc6 {[%emt 0:00:15] CPLX 2.1 43 (d5-d4) (=43)} 6. cxd5 {[%emt 0:00:01] DEEPSTRONG. A13: English Opening: 1...e6.} exd5 {[%emt 0:00:04] RECAPT} 7. Bg2 {[%emt 0:00:00] CPLX 2.0} d4 {[%emt 0:00:14] CPLX 2.0} 8. Na3 {[%emt 0:00:05] CPLX 2.0 9 (0-0) (=3)} Be7 {[%emt 0:00:11] CPLX 2.0 8 (Nf6-d5) (=13)} 9. O-O {[%emt 0:00:12] CPLX 2.0 0 (Na3-c4) (=2)} O-O {[%emt 0:00:03] BESTDEEP} 10. Nc4 {[%emt 0:00:23] CPLX 2.0} Bf5 {[%emt 0:02:31] CPLX 2.1 0 (Bc8-e6) (=9)} 11. e3 {[%emt 0:01:15] [#] BESTDEEP} dxe3 $146 {[%emt 0:01:51] CPLX 2.4 16 (Bf5-e4) (=10)} ({Predecessor:} 11... Rc8 12. exd4 cxd4 13. Re1 Re8 14. Nfe5 Nxe5 15. Rxe5 Be6 16. d3 Nd5 17. a4 Bf6 {½-½ (84) Keymer,V (2607)-Zhu,J (2455) chess24.com INT 2021}) 12. dxe3 {[%emt 0:00:11] RECAPT} Be4 {[%emt 0:00:06] CPLX 2.7} 13. Nh4 {[%emt 0:01:49] [#] Strongly threatening Bxf6. CPLX 3.1 20 (Nf3-e5) (=4)} Bxg2 {[%emt 0:02:02] BESTDEEP} 14. Kxg2 {[%emt 0:00:00] RECAPT} b5 {[%emt 0:02:06] CPLX 2.7 0 (g7-g6) (=7)} 15. Qf3 {[%emt 0:00:07] CPLX 2.9 0 (Nc4-a3) (=3)} Qc8 {[%emt 0:00:28] CPLX 3.1 23 (Qd8-d5) (=8)} 16. Nd2 {[%emt 0:01:06] BESTDEEP} Rd8 {[%emt 0:01:05] CPLX 3.0} 17. Rfd1 {[%emt 0:00:06] CPLX 3.3} Qe6 {[%emt 0:00:40] CPLX 3.3} 18. Nf5 {[%emt 0:00:28] EASY} Ne5 {[%emt 0:00:03] CPLX 3.3 7 (Ra8-c8) (=7)} 19. Bxe5 {[%emt 0:00:24] CPLX 3.8} Qxe5 {[%emt 0:00:03] [#] RECAPT} 20. a4 $1 {[%emt 0:00:01] CPLX 3.3} bxa4 {[%emt 0:01:55] CPLX 3.6} 21. Nc4 {[%emt 0:00:49] Pair of Knights! CPLX 3.9 17 (Ra1xa4) (=3)} ({Don't play} 21. bxa4 Bf8 $11) 21... Qe6 {[%emt 0:00:06] EASY} 22. Rxd8+ {[%emt 0:00:40] MISS-Ra1xa4 30 (Ra1xa4) (=4)} Rxd8 {[%emt 0:00:02] RECAPT. The position is equal.} 23. Rxa4 {[%emt 0:00:03] CPLX 3.4} Bf8 {[%emt 0:00:40] CPLX 3.2 9 (g7-g6) (=6)} 24. Rxa7 {[%emt 0:00:23] EASY} Rd5 {[%emt 0:00:03] BESTDEEP} 25. e4 {[%emt 0:01:38] CPLX 3.4 18 (g3-g4) (=5)} Qxe4 {[%emt 0:00:06] CPLX 3.7 7 (Nf6xe4) (=5)} 26. Qxe4 {[%emt 0:00:31] RECAPT 1 (Nf5-e3) (=5)} Nxe4 {[%emt 0:00:01] RECAPT} 27. Ne7+ {[%emt 0:00:37] CPLX 2.4 6 (Nf5-e3) (=5)} Bxe7 {[%emt 0:00:02] EASY} 28. Rxe7 $11 {[%emt 0:00:00][%cal Re7e8][%mdl 4096] Endgame KRN-KRN. RECAPT} Nf6 {[%emt 0:00:02] Prevents Re8+. CPLX 2.1 4 (f7-f5) (=5)} 29. Ne3 {[%emt 0:00:43] CPLX 2.0 11 (Re7-b7) (=5)} Rd3 {[%emt 0:00:39] CPLX 2.0} 30. Rc7 {[%emt 0:00:04] White threatens Rc8+ and mate. CPLX 2.0 1 (Re7-b7) (=5)} g6 {[%emt 0:00:02] CPLX 2.0} 31. Rxc5 {[%emt 0:00:06] CPLX 2.0 0 (Rc7-b7) (=4)} Rxb3 {[%emt 0:00:01] EASY} 32. Kf3 {[%emt 0:00:02] BESTDEEP} Kg7 {[%emt 0:00:07] CPLX 2.0} 33. g4 {[%emt 0:00:11] CPLX 2.0 0 (Rc5-a5) (=4)} Rb2 {[%emt 0:00:39][%cal Ob2f2] CPLX 2.0 0 (h7-h5) (=4)} 34. Rc2 {[%emt 0:00:13] CPLX 2.0 0 (Rc5-a5) (=4)} Rxc2 {[%emt 0:00:14] BESTDEEP} 35. Nxc2 {[%emt 0:00:00] KN-KN. RECAPT} h5 {[%emt 0:00:01] BESTDEEP} 36. h3 {[%emt 0:00:01] CPLX 2.0 0 (g4-g5) (=4)} hxg4+ {[%emt 0:00:01] CPLX 2.0} 37. hxg4 {[%emt 0:00:00] RECAPT} g5 {[%emt 0:00:01] CPLX 2.0} 38. Ne3 {[%emt 0:00:03] CPLX 2.0} Kg6 {[%emt 0:00:04] CPLX 2.0} 39. Nf5 {[%emt 0:00:01] CPLX 2.0} Nd7 {[%emt 0:00:01] CPLX 2.0} 40. Ke4 {[%emt 0:00:03] CPLX 2.0 0 (Nf5-e3) (=3)} Nf6+ {[%emt 0:00:00] CPLX 2.0 0 (Nd7-c5) (=3)} 41. Kf3 {[%emt 0:00:00] EASY} Nd7 {[%emt 0:00:01] CPLX 2.0} 42. Ke4 {[%emt 0:00:01] CPLX 2.0 0 (Nf5-e3) (=3)} Nf6+ {[%emt 0:00:00] CPLX 2.0 0 (Kg6-f6) (=3)} 43. Kf3 {[%emt 0:00:01] Weighted Error Value: White=0.04 (flawless) /Black=0.04 (flawless)} 1/2-1/2

[Event "Julius Baer Generation Cup Prelims 2022"]
[Site "Online"]
[Date "2022.09.14"]
[Round "9.7"]
[White "Le, Quang Liem"]
[Black "Aronian, Levon"]
[Result "1-0"]
[ECO "D27"]
[WhiteElo "2728"]
[BlackElo "2759"]
[Annotator "TA"]
[PlyCount "113"]
[EventDate "2022.09.12"]
[EventType "tourn"]
[EventCountry "NET"]
[SourceTitle "playchess.com"]
[Source "ChessBase"]
[SourceQuality "1"]
[TimeControl "900+10"]

1. d4 d5 2. Nf3 Nf6 3. c4 dxc4 4. e3 e6 5. Bxc4 a6 6. O-O c5 7. b3 {[%emt 0:00:01] BESTDEEP} (7. dxc5 Qxd1 8. Rxd1 Bxc5 9. Nbd2 O-O 10. b3 Nc6 11. Bb2 Rd8 12. Be2 Bd7 13. Rac1 Be7 14. Nc4 Be8 15. g3 Rxd1+ 16. Rxd1 Rd8 17. Rxd8 Nxd8 18. Kf1 b5 19. Nce5 Ne4 20. Bd3 Nc5 21. Bc2 {½-½ (43) Le,Q (2709)-Aronian,L (2782) Kolkata 2021}) 7... b6 {[%emt 0:00:04] BESTDEEP. D27: Queen's Gambit Accepted: Classical main line: 7 e4!? and 7 a4.} 8. Ba3 {[%emt 0:00:04] BESTDEEP} Nbd7 {[%emt 0:00:02] BESTDEEP} 9. d5 {[%emt 0:00:01] BESTDEEP} exd5 {[%emt 0:00:01] BESTDEEP. White has an edge.} 10. Bxd5 {[%emt 0:00:00] RECAPT} Rb8 {[%emt 0:00:14] BESTDEEP} 11. Bb2 Be7 {[%emt 0:00:09] BESTDEEP} 12. Nc3 {[%emt 0:00:02] CPLX 2.5} O-O 13. Qc2 {[%emt 0:00:04] BESTDEEP} b5 {[%emt 0:00:31] CPLX 2.8 10 (Qd8-c7) (=1)} 14. Rfd1 {[%emt 0:00:06] CPLX 2.9 5 (Ra1-d1) (=1)} Qc7 {[%emt 0:00:05] [#] BESTDEEP} 15. Be4 $146 {[%emt 0:00:30] Strongly threatening Nd5. BESTDEEP} ({Predecessor:} 15. a4 h6 16. axb5 axb5 17. Qe2 Qb6 18. e4 Re8 19. Qd2 Bf8 20. Qf4 b4 21. Na4 Nxd5 22. Rxd5 {0-1 (34) Praggnanandhaa,R (2612)-Carlsen,M (2865) Wijk aan Zee 2022}) 15... Nb6 {[%emt 0:00:46] CPLX 2.7 32 (Bc8-b7) (=5)} 16. Bd3 {[%emt 0:00:02] BESTDEEP} Bg4 {[%emt 0:00:59] CPLX 2.6 19 (c5-c4) (=6)} 17. Ne4 {[%emt 0:01:55] CPLX 2.8} Bxf3 {[%emt 0:02:25] BESTDEEP} 18. gxf3 {[%emt 0:00:06] RECAPT} Nfd5 {[%emt 0:00:02] CPLX 2.9 7 (Nb6-d5) (=6)} 19. Ng3 {[%emt 0:00:16] CPLX 3.1 15 (Ne4-c3) (=2)} g6 {[%emt 0:00:39] CPLX 3.4} 20. Be4 {[%emt 0:00:34] This bishop pair is nice. CPLX 3.3 34 (f3-f4) (=4)} Rfd8 {[%emt 0:00:09] CPLX 3.5 46 (Rb8-d8) (=8)} (20... Rbd8 $1 $11) 21. f4 $16 {[%emt 0:00:18] CPLX 3.6} Rbc8 {[%emt 0:01:29] CPLX 3.5 21 (c5-c4) (=9)} 22. a4 {[%emt 0:04:16] White is more active. BESTDEEP} bxa4 {[%emt 0:02:23] CPLX 3.9 137 (Nd5-b4) (=17)} (22... Nb4 $16 {was necessary.} 23. Qc3 f6) 23. Bxd5 $2 {[%emt 0:01:09] MISSDEEP-Rd1xd5 220 (Rd1xd5) (=16)} (23. bxa4 a5 $14) (23. Rxd5 $1 $18 Nxd5 24. Bxd5 Rxd5 25. Qc3) 23... Nxd5 {[%emt 0:00:37] [#] RELBLUND 235 (Rd8xd5) (=30)} (23... Rxd5 $11 {and Black has nothing to worry.} 24. Rxd5 Nxd5) 24. Rxd5 $1 $18 {[%emt 0:00:35][%mdl 576] Remove Defender. RECAPT} Rxd5 {[%emt 0:00:14] RECAPT} 25. Qc3 $1 $40 {[%emt 0:00:01][%csl Gb2][%cal Rc3g7][%mdl 128] Black is in trouble. CPLX 4.1} f6 {[%emt 0:01:19] aiming for ...Qb7. EASY} 26. Qc4 {[%emt 0:00:02] CPLX 3.5} Qb7 {[%emt 0:00:20] BESTDEEP} 27. e4 {[%emt 0:00:06][%mdl 64] Pin. CPLX 3.8} Qxb3 {[%emt 0:00:02] BESTDEEP} (27... a3 $2 28. Bxa3 Qb5 29. exd5 $18) 28. Qxd5+ {[%emt 0:00:09] EASY} Kf8 {[%emt 0:00:11] MISS-Qb3xd5 62 (Qb3xd5) (=26)} (28... Qxd5 {was called for.} 29. exd5 Rb8) 29. Qxb3 {[%emt 0:02:32] CPLX 4.3} axb3 {[%emt 0:00:00] RECAPT} 30. Rxa6 {[%emt 0:00:01] CPLX 2.6} Rd8 {[%emt 0:00:01] CPLX 2.7 36 (f6-f5) (=25)} 31. Bxf6 {[%emt 0:01:07] Black must now prevent Bc3. CPLX 2.7 41 (Ng3-f1) (=13)} c4 {[%emt 0:01:20] BESTDEEP} 32. Bc3 {[%emt 0:01:35] And now Ne2 would win. CPLX 2.9} Rd3 {[%emt 0:00:02] CPLX 2.8 130 (Rd8-b8) (=28)} (32... Rb8 $142 33. Bb2 c3 34. Bxc3 b2 35. Bxb2 Rxb2) 33. Ne2 {[%emt 0:00:05] EASY} b2 {[%emt 0:00:08] CPLX 2.9 204 (Kf8-e8) (=35)} (33... Ke8 $142 34. Ra8+ Kd7 35. Ra7+ Ke8) 34. Bxb2 {[%emt 0:00:39] CPLX 3.5=>BLUNDERREACT} Rd2 {[%emt 0:00:01] [#] EASY} 35. Nc3 {[%emt 0:02:10] MISSDEEP-Ra6-a2 400 (Ra6-a2) (=25)} ({Less strong is} 35. Ra8+ Kf7 $16) (35. Ra2 $1 $18 {is the precise move to win.} Ke8 (35... Rxe2 36. Bg7+) 36. Kf1) 35... Rxb2 $16 {[%emt 0:00:03][%mdl 4096] Endgame KRB-KRN. EASY} 36. Rc6 {[%emt 0:00:01] CPLX 2.1} Bh4 {[%emt 0:00:09] CPLX 2.2} 37. f3 {[%emt 0:00:11] CPLX 2.2} Bf2+ {[%emt 0:01:31] CPLX 2.2 20 (Rb2-f2) (=31)} 38. Kh1 {[%emt 0:00:03] BESTDEEP} h5 {[%emt 0:02:02][%cal Bh7h5,Bh5h4,Bh4h3][%mdl 32] CPLX 2.1 0 (Rb2-c2) (=30)} 39. Rxc4 {[%emt 0:00:19] RELBLUND 74 (Nc3-d5) (=24)} (39. Nd5 $16) 39... h4 $1 $11 {[%emt 0:00:01] ...h3 is the strong threat. DEEPSTRONG} 40. Rc8+ {[%emt 0:00:50] CPLX 2.0 19 (h2-h3) (=24)} Kg7 {[%emt 0:00:02] CPLX 2.0} 41. Rc7+ {[%emt 0:00:07] CPLX 2.1 0 (h2-h3) (=23)} Kh6 {[%emt 0:02:06] Threatens to win with ...h3. CPLX 2.1 19 (Kg7-g8) (=28)} 42. Nd5 {[%emt 0:00:02] White threatens Nf6 and mate. CPLX 2.2 27 (h2-h3) (=23)} (42. h3 $5 ) 42... h3 $1 {[%emt 0:00:21] ( -> ...Rb1+). CPLX 2.2} 43. Rc1 {[%emt 0:00:03] Prevents Rb1. EASY} Kg7 {[%emt 0:00:31] BESTDEEP} 44. e5 {[%emt 0:01:27][%cal Of4f5,Be4e5,Be5e6][%mdl 32] CPLX 2.1 0 (f4-f5) (=22)} Kf7 {[%emt 0:00:02] CPLX 2.2} 45. f5 {[%emt 0:00:03] BESTDEEP} gxf5 {[%emt 0:00:05] EASY} 46. Nf4 {[%emt 0:00:01] CPLX 2.1 0 (Rc1-c7) (=21)} Bd4 {[%emt 0:00:45] CPLX 2.1} 47. e6+ {[%emt 0:00:29] CPLX 2.2 0 (Nf4xh3) (=20)} Ke7 {[%emt 0:00:28] CPLX 2.4} 48. Re1 {[%emt 0:00:02] Against Be5. CPLX 2.4 0 (Nf4xh3) (=20)} Bc5 $2 {[%emt 0:00:11][%mdl 8192] RELBLUND 375 (Bd4-f2) (=32)} (48... Bf2 $11 49. Nd5+ Ke8) 49. Nd5+ $18 {[%emt 0:00:07] CPLX 2.4=>BLUNDERREACT} Ke8 $2 {[%emt 0:00:01] EVAL 400 (Ke7-d8) (=41)} (49... Kd8 50. e7+ Bxe7 51. Nxe7 f4) 50. e7 {[%emt 0:00:05] Threatening mate with Nf6+. EVAL. White is clearly winning.} Bxe7 {[%emt 0:00:27] BEVAL 400 (Rb2-b8) (=49)} 51. Nxe7 {[%emt 0:00:00] KRN-KR. BEVAL} Rf2 {[%emt 0:00:06] BEVAL 0 (Ke8-d7) (=48)} 52. Nxf5+ {[%emt 0:00:08] BEVAL} Kf7 {[%emt 0:00:01] BEVAL 400 (Ke8-d7) (=56)} 53. Nh4 {[%emt 0:00:19] BEVAL} Kf6 {[%emt 0:00:01] BEVAL 0 (Kf7-g7) (=54)} 54. Kg1 {[%emt 0:00:01] BEVAL} Ra2 {[%emt 0:00:02] BEVAL 0 (Rf2-d2) (=53)} 55. Re4 {[%emt 0:00:01] BEVAL} Kg5 {[%emt 0:00:06] BEVAL 0 (Kf6-f7) (=52)} 56. Rg4+ {[%emt 0:00:02] BEVAL} Kh5 {[%emt 0:00:09] BEVAL 400 (Kg5-f6) (=59)} 57. Ng6 {[%emt 0:00:10] Weighted Error Value: White=0.20 (precise) /Black=0.46} 1-0

[Event "Julius Baer Generation Cup Prelims 2022"]
[Site "Online"]
[Date "2022.09.14"]
[Round "9.8"]
[White "Navara, David"]
[Black "Niemann, Hans Moke"]
[Result "1/2-1/2"]
[ECO "D41"]
[WhiteElo "2681"]
[BlackElo "2688"]
[Annotator "TA"]
[PlyCount "95"]
[EventDate "2022.09.12"]
[EventType "tourn"]
[EventCountry "NET"]
[SourceTitle "playchess.com"]
[Source "ChessBase"]
[SourceQuality "1"]
[TimeControl "900+10"]

1. d4 Nf6 2. c4 e6 3. Nf3 d5 4. Nc3 c5 5. cxd5 cxd4 6. Qxd4 exd5 {[%emt 0:00:01] BESTDEEP} 7. e4 {[%emt 0:00:07][%cal Re4d5] BESTDEEP. D41: Queen's Gambit Declined: Semi-Tarrasch with 5 cxd5.} dxe4 $1 {[%emt 0:00:04][%mdl 4] now scores much better than the old 7...Nc6.} 8. Qxd8+ {[%emt 0:00:17] BESTDEEP} Kxd8 {[%emt 0:00:00] LEGAL} 9. Ng5 {[%emt 0:00:01][%csl LRe4,LRf7] EASY. White has an edge.} Be6 {[%emt 0:00:01] CPLX 2.7} 10. Nxe6+ {[%emt 0:00:01] BESTDEEP} fxe6 {[%emt 0:00:04] RECAPT} 11. Bg5 {[%emt 0:00:07] CPLX 2.0} Nc6 {[%emt 0:00:01] CPLX 2.3} 12. O-O-O+ {[%emt 0:00:14] CPLX 2.3 21 (Bf1-c4) (=4)} (12. Bc4 $5 ) 12... Ke8 {[%emt 0:00:17] BESTDEEP} 13. Kb1 {[%emt 0:00:29] CPLX 2.6 5 (Bf1-b5) (=4)} Bb4 {[%emt 0:00:11] BESTDEEP} 14. Bxf6 {[%emt 0:00:02] CPLX 2.8} gxf6 {[%emt 0:00:03] RECAPT} 15. Nxe4 {[%emt 0:00:00] CPLX 2.1} Ke7 {[%emt 0:00:42] [#] BESTDEEP} 16. Bb5 $146 {[%emt 0:01:16] CPLX 2.3 16 (a2-a3) (=4)} ({Predecessor:} 16. a3 Ba5 17. Nc5 Rad8 18. Rc1 Rd2 19. Ne4 Rd4 20. Nc5 Bb6 21. Bb5 Ne5 22. Na4 {0-1 (81) Mamedyarov,S (2758)-Nepomniachtchi,I (2792) Saint Louis 2022}) 16... Rhd8 {[%emt 0:00:18] CPLX 2.4 22 (Ra8-d8) (=2)} 17. a3 {[%emt 0:00:34] [#] And now Bxc6 would win. CPLX 2.7 25 (Bb5xc6) (=6)} (17. Bxc6 $5 bxc6 18. Rc1 $11) 17... Ba5 {[%emt 0:01:10] CPLX 2.8 0 (f6-f5) (=2)} 18. Nc5 {[%emt 0:01:03] CPLX 2.6 0 (Bb5xc6) (=6)} Bb6 {[%emt 0:00:09] CPLX 2.6 28 (Rd8xd1) (=4)} 19. Rxd8 {[%emt 0:02:13] MISS-Nc5xb7 33 (Nc5xb7) (=8)} Nxd8 {[%emt 0:00:11] RECAPT} 20. Rc1 {[%emt 0:00:16] CPLX 2.0 7 (b2-b4) (=8)} Rc8 {[%emt 0:00:16] CPLX 2.0} 21. Nd3 {[%emt 0:00:12] CPLX 2.0 0 (b2-b4) (=7)} Rxc1+ {[%emt 0:00:03] CPLX 2.1} 22. Kxc1 $11 {[%emt 0:00:00][%mdl 4096] Endgame KBN-KBN. RECAPT} Nf7 {[%emt 0:00:01] CPLX 2.0 1 (Bb6-d4) (=3)} 23. Kd2 {[%emt 0:00:16] CPLX 2.0 17 (Bb5-c4) (=7)} Nd6 {[%emt 0:00:03] CPLX 2.0 5 (e6-e5) (=3)} 24. Ba4 {[%emt 0:00:01] EASY} e5 {[%emt 0:00:01] CPLX 2.0} 25. f3 {[%emt 0:01:40] CPLX 2.0} Nc4+ {[%emt 0:00:05] BESTDEEP} 26. Ke2 {[%emt 0:01:27] CPLX 2.0} Bd4 {[%emt 0:00:03] CPLX 2.0} 27. Bb3 {[%emt 0:00:09] CPLX 2.0} Nxb2 {[%emt 0:00:03] CPLX 2.0} 28. Nxb2 {[%emt 0:00:01] CPLX 2.0 0 (a3-a4) (=6)} Bxb2 {[%emt 0:00:01] KB-KB. RECAPT} 29. a4 {[%emt 0:00:00] CPLX 2.0} f5 {[%emt 0:00:31] CPLX 2.0 18 (h7-h6) (=3)} 30. g4 {[%emt 0:00:20] CPLX 2.0. The position is equal.} fxg4 {[%emt 0:00:04] CPLX 2.0} 31. fxg4 {[%emt 0:00:00] RECAPT} Kf6 {[%emt 0:00:01] CPLX 2.0} 32. h4 {[%emt 0:01:36] CPLX 2.0} h6 {[%emt 0:00:03] CPLX 2.0} 33. Kf3 {[%emt 0:00:17] CPLX 2.0} Bc3 {[%emt 0:00:04] CPLX 2.0 0 (Bb2-d4) (=3)} 34. Ke4 {[%emt 0:00:05] CPLX 2.0} Be1 {[%emt 0:00:07] CPLX 2.0 0 (Kf6-g6) (=3)} 35. g5+ {[%emt 0:00:02] BESTDEEP} hxg5 {[%emt 0:00:01] EASY} 36. hxg5+ {[%emt 0:00:00] RECAPT} Kxg5 {[%emt 0:00:00] RECAPT} 37. Kxe5 {[%emt 0:00:02] CPLX 2.0} Bg3+ {[%emt 0:00:07] CPLX 2.0 0 (a7-a5) (=2)} 38. Kd5 {[%emt 0:00:02] CPLX 2.0} Kf6 {[%emt 0:00:02] CPLX 2.0 7 (a7-a5) (=2)} 39. Ke4 {[%emt 0:00:04] CPLX 2.0 9 (a4-a5) (=4)} Bc7 {[%emt 0:00:05] CPLX 2.0 9 (a7-a5) (=3)} 40. Bd5 {[%emt 0:00:02] CPLX 2.0} b6 {[%emt 0:00:01] CPLX 2.0} 41. Kd4 {[%emt 0:00:00] CPLX 2.0 7 (a4-a5) (=4)} Ke7 {[%emt 0:00:01] CPLX 2.0 7 (a7-a5) (=3)} 42. Kc4 {[%emt 0:00:02] CPLX 2.0 9 (a4-a5) (=4)} Kd6 {[%emt 0:00:00] CPLX 2.0 9 (a7-a5) (=3)} 43. Bb7 {[%emt 0:00:02] CPLX 2.0 9 (Bd5-h1) (=4)} a5 {[%emt 0:00:00] BESTDEEP} 44. Kb5 {[%emt 0:00:02] CPLX 2.0} Bd8 {[%emt 0:00:00] CPLX 2.0} 45. Bc6 {[%emt 0:00:02] CPLX 2.0 0 (Bb7-h1) (=4)} Bc7 {[%emt 0:00:01] CPLX 2.0 17 (Kd6-c7) (=3)} 46. Bb7 {[%emt 0:00:01] CPLX 2.0} Bd8 {[%emt 0:00:00] CPLX 2.0} 47. Bc6 {[%emt 0:00:01] CPLX 2.0} Bc7 {[%emt 0:00:00] CPLX 2.0 18 (Kd6-c7) (=3)} 48. Bb7 $1 {[%emt 0:00:01] Weighted Error Value: White=0.05 (flawless) /Black=0.04 (flawless)} 1/2-1/2

[Event "Julius Baer Generation Cup Prelims 2022"]
[Site "Online"]
[Date "2022.09.14"]
[Round "10.1"]
[White "Giri, Anish"]
[Black "Niemann, Hans Moke"]
[Result "1-0"]
[ECO "A21"]
[WhiteElo "2764"]
[BlackElo "2688"]
[Annotator "TA"]
[PlyCount "81"]
[EventDate "2022.09.12"]
[EventType "tourn"]
[EventCountry "NET"]
[SourceTitle "playchess.com"]
[Source "ChessBase"]
[SourceQuality "1"]
[TimeControl "900+10"]

1. c4 e5 2. Nc3 Bb4 3. Qb3 Nc6 4. e3 Nf6 5. Nge2 O-O 6. a3 {[%emt 0:00:01] CPLX 2.2. A21: English Opening: 1...e5 2 Nc3.} Bxc3 {[%emt 0:01:41] CPLX 2.3 26 (Bb4-c5) (=13)} 7. Nxc3 {[%emt 0:00:01] [#] RECAPT} b6 $146 {[%emt 0:00:01] CPLX 2.0 0 (Rf8-e8) (=9)} ({Predecessor:} 7... Re8 8. d3 b6 9. Be2 Bb7 10. O-O d5 11. cxd5 Na5 12. Qc2 Nxd5 13. b4 Nxc3 14. Qxc3 {½-½ (65) Eljanov,P (2702)-Bologan,V (2672) Poikovsky 2013}) 8. Be2 {[%emt 0:00:08] CPLX 2.0. White has an edge.} Bb7 {[%emt 0:00:07] CPLX 2.0} 9. O-O {[%emt 0:00:01] BESTDEEP} e4 {[%emt 0:00:45] CPLX 2.1 12 (Rf8-e8) (=8)} 10. d3 {[%emt 0:01:00] CPLX 2.1 12 (d2-d4) (=2)} exd3 {[%emt 0:00:14] CPLX 2.3} 11. Bxd3 {[%emt 0:00:00] RECAPT} Ne5 {[%emt 0:00:01] EASY} 12. Be2 {[%emt 0:00:01] BESTDEEP} d6 {[%emt 0:02:24] CPLX 2.6 25 (Nf6-e4) (=8)} 13. Qc2 {[%emt 0:00:16] BESTDEEP} a5 {[%emt 0:00:10] CPLX 2.8 15 (Rf8-e8) (=9)} 14. b3 {[%emt 0:00:03] BESTDEEP} Re8 {[%emt 0:00:44] CPLX 2.8} 15. e4 {[%emt 0:00:51] CPLX 2.8 0 (Bc1-b2) (=1)} Ng6 {[%emt 0:03:36][%cal Rf6e4] CPLX 2.3 0 (Ne5-d7) (=7)} 16. f3 {[%emt 0:00:07] CPLX 2.3} Nh5 {[%emt 0:00:03] CPLX 2.1 31 (c7-c6) (=9)} 17. Rf2 {[%emt 0:01:58] CPLX 2.3 2 (g2-g3) (=1)} Nhf4 {[%emt 0:00:05] [#] CPLX 2.3} 18. Bf1 $1 {[%emt 0:00:02] CPLX 2.6} Ne6 {[%emt 0:00:11] CPLX 2.5 12 (Qd8-h4) (=9)} 19. Be3 {[%emt 0:00:11] CPLX 2.1} Qd7 {[%emt 0:00:39] CPLX 2.2 16 (Ne6-c5) (=9)} 20. Rd1 {[%emt 0:00:06] CPLX 2.2} f6 {[%emt 0:00:03] CPLX 2.3 32 (Qd7-d8) (=11)} 21. b4 {[%emt 0:00:15] CPLX 2.2} axb4 {[%emt 0:00:03] CPLX 2.4 0 (Ng6-e5) (=10)} 22. axb4 {[%emt 0:00:00][%cal Ba3b4,Bb4c5][%mdl 32] RECAPT} Qf7 {[%emt 0:00:01] CPLX 2.3 8 (Ng6-e5) (=10)} 23. f4 {[%emt 0:02:02] Black must now prevent f5. CPLX 2.2} Ne7 {[%emt 0:01:28] BESTDEEP} 24. f5 {[%emt 0:00:46] CPLX 2.3 52 (c4-c5) (=3)} (24. c5 $142 {aiming for Bc4.} bxc5 25. bxc5) 24... Nf8 {[%emt 0:00:04] CPLX 2.7 69 (Ne6-d8) (=12)} ({Black should play} 24... Nd8) 25. c5 $16 {[%emt 0:00:04] White is more active. CPLX 2.4} bxc5 {[%emt 0:00:35] CPLX 2.9} 26. bxc5 {[%emt 0:00:02] RECAPT} d5 {[%emt 0:00:06] CPLX 2.8 51 (Bb7-a6) (=14)} (26... Ba6 $16 {keeps fighting.} 27. cxd6 cxd6 28. Rxd6 Bxf1) 27. Nb5 {[%emt 0:03:38] CPLX 2.5 81 (Be3-f4) (=7)} (27. Bf4 $18) 27... Nc6 {[%emt 0:02:44] This move loses the game for Black. MISSDEEP-Bb7-c6 137 (Bb7-c6) (=19)} (27... Bc6 $16) 28. exd5 $18 {[%emt 0:02:25] BESTDEEP} ({Not} 28. Rxd5 Nb4 29. Qc1 Bxd5 30. exd5 Nxd5 $15) 28... Nb4 {[%emt 0:00:02] BESTDEEP} 29. Qc4 {[%emt 0:01:14] CPLX 3.1 19 (Qc2-c1) (=7)} Nxd5 {[%emt 0:00:05] CPLX 3.1} 30. Bf4 {[%emt 0:00:05] And now c6 would win. CPLX 3.0} Rad8 $2 {[%emt 0:01:45] CPLX 3.0 215 (Bb7-c6) (=25)} (30... Bc6 {is a better defense.} 31. Nxc7 Nxc7) 31. Rfd2 {[%emt 0:02:17] CPLX 3.0 44 (Bf4xc7) (=8)} c6 {[%emt 0:00:55] CPLX 3.0} 32. Nd6 {[%emt 0:00:05][%cal Bb5d6,Bd6e8,Be8f6,Bf6d5][%mdl 32] EASY} Qd7 {[%emt 0:00:03] EVAL 400 (Rd8xd6) (=37)} (32... Rxd6 33. cxd6 Kh8) 33. Rxd5 {[%emt 0:00:30] EVAL. White is clearly winning.} cxd5 {[%emt 0:00:04] EVAL} 34. Rxd5 {[%emt 0:00:00] EVAL} g5 {[%emt 0:00:11] BEVAL 400 (h7-h6) (=48)} 35. Nxe8 {[%emt 0:01:05] BEVAL} Bxd5 {[%emt 0:00:16] BEVAL} 36. Nxf6+ {[%emt 0:00:01] BEVAL} Kg7 {[%emt 0:00:12] BEVAL 400 (Kg8-f7) (=58)} 37. Qd4 {[%emt 0:00:52] BEVAL 400 (Qc4-c3) (=19)} Qxf5 {[%emt 0:00:01] BEVAL} 38. Nxd5+ {[%emt 0:00:08] EVAL 400 (Nf6-h5) (=31)} Kf7 {[%emt 0:00:04] EVAL} 39. Bd6 {[%emt 0:00:12] EVAL} Ne6 {[%emt 0:00:07] EVAL 0 (Rd8xd6) (=53)} 40. Qd1 {[%emt 0:00:03] CPLX 6.0 257 (Qd4-c4) (=36)} Ra8 {[%emt 0:00:30] [#] BEVAL 400 (Ne6xc5) (=62)} 41. Bd3 $1 {[%emt 0:00:37] Against Qe4.  Weighted Error Value: White=0.34/Black=0.29 (precise)} 1-0